 Dungeon Sprint DCSS version 0.20-a0-754-g13ddd6e (webtiles) character file.

137 esc the Skirmisher (level 5, 0/52 HPs)
             Began as a Hill Orc Fighter on Feb 27, 2017.
             Slain by a deep elf mage
             ... wielding a +4 long sword of holy wrath
              (4 damage)
             ... in the Dungeon (Sprint III: "The Ten Rune Challenge").
             The game lasted 00:02:22 (550 turns).

esc the Skirmisher (Hill Orc Fighter)                Turns: 550, Time: 00:02:23

Health: 0/52       AC:  8    Str: 20    XL:     5   Next: 20%
Magic:  5/5        EV:  7    Int:  8    God:
Gold:   33         SH:  9    Dex: 10    Spells: 4/4 levels left

rFire    . . .     SeeInvis .   a - +0 war axe
rCold    . . .     Gourm    .   b - +0 scale mail
rNeg     . . .     Faith    .   c - +0 shield
rPois    .         Spirit   .   (no helmet)
rElec    .         Reflect  .   n - +0 cloak
rCorr    .         Harm     .   (no gloves)
MR       .....     NoTele   +   (no boots)
Stlth    ..........             (no amulet)
Regen    0.2/turn               (no ring)
MPRegen  0.1/turn               (no ring)

@: drained
A: no striking features
a: no special abilities


You were in the Dungeon.
You were not hungry.

You visited 1 branch You collected 33 gold pieces.

Inventory:

Hand Weapons
 a - a +0 war axe (weapon)
Armour
 b - a +0 scale mail (worn)
 c - a +0 shield (worn)
 n - a +0 cloak (worn)
   (You took it off Crazy Yiuf in the Dungeon)
Scrolls
 k - a scroll of blinking {!r}
 m - 2 scrolls of identify
 p - 2 scrolls of immolation {!r}
 q - a scroll of recharging {unknown}
 r - 2 scrolls of remove curse {unknown}
Potions
 d - a potion of might
 e - 2 potions of curing
 h - a potion of haste
 i - 2 potions of magic
 j - a potion of berserk rage {!q}
 o - 5 potions of mutation {unknown}
Comestibles
 f - 2 bread rations {@e1}
 s - a royal jelly


   Skills:
 + Level 7.0(5.8) Fighting
 + Level 6.9(5.8) Axes
 + Level 6.3(5.2) Armour
 + Level 6.3(5.1) Shields


You had 4 spell levels left.
You didn't know any spells.

Dungeon Overview and Level Annotations

Branches:
Dungeon (1/1)

Altars:
Elyvilon
Zin
The Shining One


Message History

You start putting on your armour.
You continue putting on your cloak. x4
You finish putting on your +0 cloak.
You open the door.
There is an open door here.
You now have 23 gold pieces (gained 14).
Some of the chunks of flesh in your inventory have rotted away.
o - a fizzy cyan potion;
p - a scroll labeled FOG ZEYVOIMA
q - a scroll labeled QOSUIPP VAAGORPH;
r - a scroll labeled UDAPONOUHE
f - 2 bread rations {@e1} (gained 1);
o - 2 fizzy cyan potions (gained 1)
o - 3 fizzy cyan potions (gained 1)
o - 4 fizzy cyan potions (gained 1)
p - 2 scrolls labeled FOG ZEYVOIMA (gained 1)
m - 3 scrolls of identify (gained 2)
r - 2 scrolls labeled UDAPONOUHE (gained 1)
s - a royal jelly;
o - 5 fizzy cyan potions (gained 1)
e - 2 potions of curing (gained 1)
You now have 33 gold pieces (gained 10).
There is an open door here.
As you read the scroll of identify, it crumbles to dust.
p - 2 scrolls of immolation You start resting.
All of the chunks of flesh in your inventory have rotted away.
Health restored: 44 You enter the shallow water.
Moving in this stuff is going to be slow.
You open the door.
A water elemental comes into view.
You slash the water elemental! You block the water elemental's attack.
You closely miss the water elemental. The water elemental hits you.
The water elemental engulfs you in water!
The water elemental hits you!!
You take 19 damage, and have 25/44 hp.
MASSIVE DAMAGE!!
Here: a water elemental (heavily damaged)
The floor, spattered with blood.
Unknown command.
You slash the water elemental!
Your lungs strain for air!
The water elemental closely misses you.
You take 7 damage, and have 18/44 hp.
You feel much better.
Your lungs strain for air!
The water elemental hits you!
You regained 11 hp, and now have 29/44 hp.
You completely miss the water elemental.
Your lungs strain for air!
The water elemental hits you.
You take 8 damage, and have 21/44 hp.
You slash the water elemental!
You destroy the water elemental!
Your Fighting skill increases to level 7!
Your Axes skill increases to level 6!
Your Armour skill increases to level 6!
Your Shields skill increases to level 6!
You have reached level 5!
You feel stronger.
You gasp with relief as air once again reaches your lungs.
You regained 4 hp, and now have 25/52 hp.
MP restored: 5 You close the door.
You start resting.
Health restored: 52 You open the door.
There is an open door to the Ecumenical Temple here.
There is a fountain of clear blue water here.
You open the door.
Found three altars.
Unknown command.
A deep elf mage comes into view.
It is wielding a long sword of holy wrath.
The deep elf mage picks up 2 potions of heal wounds.
There is an open door here.
You block the deep elf mage's attack.
You closely miss the deep elf mage.
The deep elf mage points at you and mumbles some strange words.
The bolt of negative energy hits you!
You feel drained.
You take 21 damage, and have 31/52 hp.
MASSIVE DAMAGE!!
Your shield prevents you from hitting the deep elf mage.
You block the deep elf mage's attack.
You closely miss the deep elf mage.
The deep elf mage mumbles some strange words.
The deep elf mage blinks!
The deep elf mage hits you with a long sword of holy wrath.
You take 2 damage, and have 29/52 hp.
You miss the deep elf mage. You hit the deep elf mage.
The deep elf mage hits you with a long sword of holy wrath.
You take 6 damage, and have 23/52 hp.
Your scale mail prevents you from hitting the deep elf mage.
The deep elf mage casts a spell at you. The bolt of negative energy hits you!
You feel drained.
* * * LOW HITPOINT WARNING * * *
You block the deep elf mage's attack.
You take 19 damage, and have 4/52 hp.
MASSIVE DAMAGE!!
Okay, then.
You hit the deep elf mage.
The deep elf mage hits you with a long sword of holy wrath.
You die...

▓▓▓▓▓▓▓ ▓▓▓ ..'...♣♣♣
♣.##### ..#.....♣
♣♣.#___# ###....♣♣♣
♣..#.@e#
..#....≈.♣♣♣..###'#+###+#
..#...≈≈....♣.#..........
..#).≈≈≈≈.♣.♣.'.⌠........
#'#..≈≈≈≈≈≈...#...######+
..#.≈≈≈≈≈≈....#.⌠.#
.[#.≈≈≈≈≈.....#...#
..#.≈≈≈.......#+###
###...........#


You could see a deep elf mage.

Vanquished Creatures
  A water elemental (D)
  Crazy Yiuf (D)
  Jessica (D)
  A human (D)
  An ooze (D)
  A rat (D)
6 creatures vanquished.

Vanquished Creatures (others)
  2 draconian scorchers (D)
  6 hellions (D)
  A yaktaur (D)
9 creatures vanquished.

Grand Total: 15 creatures vanquished

Notes
Turn   | Place    | Note
-------+----------+-------------------------------------------
     0 | D        | esc the Hill Orc Fighter began the quest for the Orb.
     0 | D        | Reached XP level 1. HP: 19/19 MP: 1/1
    10 | D        | Reached skill level 4 in Fighting
    10 | D        | Reached skill level 3 in Axes
    87 | D        | Noticed Jessica
    92 | D        | Killed a hellion
    92 | D        | Killed a hellion
    92 | D        | Killed a hellion
    97 | D        | Killed Jessica
    97 | D        | Reached skill level 5 in Fighting
    97 | D        | Reached skill level 4 in Axes
    97 | D        | Reached skill level 4 in Armour
    97 | D        | Reached skill level 4 in Shields
    97 | D        | Reached XP level 2. HP: 23/29 MP: 2/2
    97 | D        | Reached XP level 3. HP: 28/36 MP: 3/3
   109 | D        | Killed a hellion
   109 | D        | Killed a hellion
   113 | D        | Killed a hellion
   186 | D        | Killed a white draconian scorcher
   188 | D        | Reached skill level 5 in Axes
   188 | D        | Reached skill level 5 in Armour
   188 | D        | Reached skill level 5 in Shields
   209 | D        | Killed a white draconian scorcher
   211 | D        | Noticed Crazy Yiuf
   217 | D        | Killed Crazy Yiuf
   217 | D        | Reached skill level 6 in Fighting
   217 | D        | Reached XP level 4. HP: 24/44 MP: 4/4
   370 | D        | Noticed a water elemental
   378 | D        | Killed a water elemental
   378 | D        | Reached skill level 7 in Fighting
   378 | D        | Reached skill level 6 in Axes
   378 | D        | Reached skill level 6 in Armour
   378 | D        | Reached skill level 6 in Shields
   378 | D        | Reached XP level 5. HP: 25/52 MP: 5/5
   498 | D        | Killed a yaktaur
   541 | D        | Found a glowing silver altar of Zin.
   541 | D        | Found a glowing golden altar of the Shining One.
   541 | D        | Found a white marble altar of Elyvilon.
   542 | D        | Noticed a deep elf mage
   549 | D        | HP: 4/52 [deep elf mage/bolt of negative energy (19)]
   550 | D        | Slain by a deep elf mage

Vault maps used:
D:        dungeon_sprint_mu

Skill      XL: |  1  2  3  4 |
---------------+-------------+-----
Fighting       | 5 6 7 |  7.0
Axes           | 4 5 6 |  6.9
Armour         | 4 5 6 |  6.3
Shields        | 4 5 6 |  6.3

Action                   |  1- 3 |  4- 6 || total
-------------------------+-------+-------++-------
Melee: War axe           |    33 |    12 ||    45
  Use: Scroll            |       |     1 ||     1
       Potion            |       |     1 ||     1
Armor: Scale mail        |    14 |     1 ||    15
Dodge: Dodged            |     9 |     1 ||    10
Block: Shield            |    13 |     4 ||    17

Vault maps used:
D:        dungeon_sprint_mu

Table legend:
 A = Turns spent in this place as a percentage of turns spent in the entire game.
 B = Non-inter-level travel turns spent in this place as a percentage of non-inter-level travel turns spent in the entire game.
 C = Inter-level travel turns spent in this place as a percentage of turns spent in this place.
 D = Turns resting spent in this place as a percentage of non-inter-level travel turns spent in this place.
 E = Turns spent auto-exploring this place as a percentage of non-inter-level travel turns spent in this place.
 F = Non-inter-level travel turns spent in this place divided by the number of levels of this place that you've seen.
                   A       B       C       D       E      F
               +-------+-------+-------+-------+-------+----------------------
         Total | 100.0 | 100.0 |   0.0 |   7.9 |   2.4 | 126.0
       Dungeon | 100.0 | 100.0 |   0.0 |   7.9 |   2.4 | 126.0
               +-------+-------+-------+-------+-------+----------------------

Table legend:
 A = Kills in this place as a percentage of kills in entire the game.
 B = Kills by you in this place as a percentage of kills by you in the entire game.
 C = Kills by friends in this place as a percentage of kills by friends in the entire game.
 D = Other kills in this place as a percentage of other kills in the entire game.
 E = Experience gained in this place as a percentage of experience gained in the entire game.
 F = Experience gained in this place divided by the number of levels of this place that you have seen.
                   A       B       C       D       E      F
               +-------+-------+-------+-------+-------+----------------------
         Total | 100.0 | 100.0 |  -nan |  -nan | 100.0 | 196.0
       Dungeon | 100.0 | 100.0 |  -nan |  -nan | 100.0 | 196.0
               +-------+-------+-------+-------+-------+----------------------
